SAAA
PHOENIX HOTSPUR RESERVES @ TORTOLITA DRUMMERS
09/12/2020
 
TOP OF THE 1ST
Phoenix Hotspur Reserves batting - Pitching for Tortolita Drummers : RHP Armando Hernández
Pitching: RHP Armando Hernández
Batting: SHB Roberto López 0-0: Called Strike
0-1: Foul Ball, location: 2F
0-2: Strikes out swinging
Batting: LHB Alberto Torres 0-0: Swinging Strike
0-1: Ball
1-1: Ball
2-1: Fly out, F9 (Flyball, 89S)
Batting: RHB Paul Campbell 0-0: Called Strike
0-1: Ball
1-1: Called Strike
1-2: Ball
2-2: Ground out 4-3 (Groundball, 4)
Top of the 1st over - 0 run(s), 0 hit(s), 0 error(s), 0 left on base; Phoenix 0 - Tortolita 0
BOTTOM OF THE 1ST
Tortolita Drummers batting - Pitching for Phoenix Hotspur Reserves : LHP José Granados
Pitching: LHP José Granados
Batting: LHB Gonzalo Féliz 0-0: Ball
1-0: Ball
2-0: Ball
3-0: Called Strike
3-1: Base on Balls
Batting: LHB Pat McJannett 0-0: Ball
1-0: Foul Ball, location: 2F
1-1: Grounds into double play, 1-6-3 (Groundball, 13S)
Batting: RHB Lonnie Conrad 0-0: SINGLE (Groundball, 34D) (infield hit)
Batting: SHB Yosuke Kiyomizu 0-0: Ball
1-0: Called Strike
1-1: Ball
2-1: Foul Ball, location: 2F
2-2: Strikes out swinging
Bottom of the 1st over - 0 run(s), 1 hit(s), 0 error(s), 1 left on base; Phoenix 0 - Tortolita 0
TOP OF THE 2ND
Phoenix Hotspur Reserves batting - Pitching for Tortolita Drummers : RHP Armando Hernández
Batting: LHB Dave Wynn 0-0: Foul Ball, location: 2F
0-1: Called Strike
0-2: Ball
1-2: Ground out 3-1 (Groundball, 34S)
Batting: RHB José Bocanegra 0-0: Called Strike
0-1: Called Strike
0-2: Ground out 6-3 (Groundball, 6)
Batting: LHB Edgardo Téllez 0-0: Called Strike
0-1: Foul Ball, location: 2F
0-2: Strikes out swinging
Top of the 2nd over - 0 run(s), 0 hit(s), 0 error(s), 0 left on base; Phoenix 0 - Tortolita 0
BOTTOM OF THE 2ND
Tortolita Drummers batting - Pitching for Phoenix Hotspur Reserves : LHP José Granados
Batting: LHB Keith Spear 0-0: Ball
1-0: Foul Ball, location: 2F
1-1: Foul Ball, location: 2F
1-2: Ball
2-2: Ball
3-2: Ground out 4-3 (Groundball, 4)
Batting: RHB Jim Harris 0-0: Foul Ball, location: 2F
0-1: Swinging Strike
0-2: Strikes out swinging
Batting: RHB Richard Ollivier 0-0: Called Strike
0-1: Ball
1-1: Foul Ball, location: 2F
1-2: Ball
2-2: Ball
3-2: Foul Ball, location: 2F
3-2: Foul Ball, location: 2F
3-2: Foul Ball, location: 2F
3-2: Foul Ball, location: 2F
3-2: Ground out 6-3 (Groundball, 6M)
Bottom of the 2nd over - 0 run(s), 0 hit(s), 0 error(s), 0 left on base; Phoenix 0 - Tortolita 0
TOP OF THE 3RD
Phoenix Hotspur Reserves batting - Pitching for Tortolita Drummers : RHP Armando Hernández
Batting: RHB Greg Griffin 0-0: Ball
1-0: Called Strike
1-1: Ball
2-1: Fly out, F8 (Flyball, 8RXD)
Batting: RHB Jaime Chavarriaga 0-0: Foul Ball, location: 2F
0-1: Swinging Strike
0-2: Ball
1-2: Strikes out swinging
Batting: SHB John Jenkins 0-0: Fly out, F4 (Popup, 4MD)
Top of the 3rd over - 0 run(s), 0 hit(s), 0 error(s), 0 left on base; Phoenix 0 - Tortolita 0
BOTTOM OF THE 3RD
Tortolita Drummers batting - Pitching for Phoenix Hotspur Reserves : LHP José Granados
Batting: RHB Ray Whittier 0-0: Ball
1-0: Ball
2-0: SINGLE (Flyball, 9LS)
Batting: RHB Ron Humboldt Pickoff Throw to First - Error! E1
Ray Whittier to second
0-0: Ball
1-0: Ball
2-0: Fly out, F6 (Line Drive, 6)
Batting: LHB Gonzalo Féliz 0-0: Called Strike
0-1: Foul Ball, location: 2F
0-2: Ball
1-2: Foul Ball, location: 2F
1-2: Strikes out swinging
Batting: LHB Pat McJannett 0-0: Foul Ball, location: 2F
0-1: Swinging Strike
0-2: Ball
1-2: Strikes out swinging
Bottom of the 3rd over - 0 run(s), 1 hit(s), 1 error(s), 1 left on base; Phoenix 0 - Tortolita 0
TOP OF THE 4TH
Phoenix Hotspur Reserves batting - Pitching for Tortolita Drummers : RHP Armando Hernández
Batting: SHB Roberto López 0-0: Ball
1-0: Ball
2-0: Ball
3-0: Called Strike
3-1: Base on Balls
Batting: LHB Alberto Torres 0-0: Called Strike
Roberto López steals 2nd base
0-1: SINGLE (Groundball, 6MD)
Roberto López to third
Runner from 3rd tries for Home, SAFE, no throw or cutoff
Batting: RHB Paul Campbell 0-0: Called Strike
0-1: SINGLE (Line Drive, 34)
Alberto Torres to second
Batting: LHB Dave Wynn 0-0: Called Strike
0-1: Foul Ball, location: 2F
0-2: Ball
1-2: Foul Ball, location: 2F
1-2: Ball
2-2: Strikes out swinging
Batting: RHB José Bocanegra 0-0: Called Strike
0-1: Ball
1-1: Grounds into double play, 4-6-3 (Groundball, 4)
Top of the 4th over - 1 run(s), 2 hit(s), 0 error(s), 1 left on base; Phoenix 1 - Tortolita 0
BOTTOM OF THE 4TH
Tortolita Drummers batting - Pitching for Phoenix Hotspur Reserves : LHP José Granados
Batting: RHB Lonnie Conrad 0-0: DOUBLE (Line Drive, 78XD)
Batting: SHB Yosuke Kiyomizu 0-0: Called Strike
0-1: Called Strike
0-2: Ball
1-2: Ground out 6-3 (Groundball, 6M)
Lonnie Conrad to third
Batting: LHB Keith Spear 0-0: Ball
1-0: Called Strike
1-1: Foul Ball, location: 2F
1-2: Ball
2-2: Ball
3-2: Strikes out swinging
Batting: RHB Jim Harris 0-0: Ball
1-0: Foul Ball, location: 2F
1-1: Ball
2-1: Swinging Strike
2-2: Strikes out swinging
Bottom of the 4th over - 0 run(s), 1 hit(s), 0 error(s), 1 left on base; Phoenix 1 - Tortolita 0
TOP OF THE 5TH
Phoenix Hotspur Reserves batting - Pitching for Tortolita Drummers : RHP Armando Hernández
Batting: LHB Edgardo Téllez 0-0: Ball
1-0: Called Strike
1-1: Ball
2-1: SINGLE (Line Drive, 7S)
Batting: RHB Greg Griffin 0-0: Reached on error, E1 (Groundball, 15)
Edgardo Téllez to third
Batting: RHB Jaime Chavarriaga 0-0: Swinging Strike
0-1: Ball
1-1: Ground out 4-3 (Groundball, 4M)
Edgardo Téllez scores
Greg Griffin to third
Batting: SHB John Jenkins 0-0: Called Strike
0-1: Ball
1-1: Foul Ball, location: 2F
1-2: Foul Ball, location: 2F
1-2: Strikes out looking
Batting: SHB Roberto López 0-0: Ground out 4-3 (Groundball, 4M)
Top of the 5th over - 1 run(s), 1 hit(s), 1 error(s), 1 left on base; Phoenix 2 - Tortolita 0
BOTTOM OF THE 5TH
Tortolita Drummers batting - Pitching for Phoenix Hotspur Reserves : LHP José Granados
Batting: RHB Richard Ollivier 0-0: Ball
1-0: Ball
2-0: Ball
3-0: Base on Balls
Batting: RHB Ray Whittier 0-0: Bunted foul
0-1: Sac Bunt - play at second, runner OUT! 5-6
Batting: RHB Ron Humboldt 0-0: Ball
1-0: Swinging Strike
1-1: Swinging Strike
1-2: Ball
2-2: Ground out 4-3 (Groundball, 4M)
Ray Whittier to second
Batting: LHB Gonzalo Féliz 0-0: Ground out 4-3 (Groundball, 13)
Bottom of the 5th over - 0 run(s), 0 hit(s), 0 error(s), 1 left on base; Phoenix 2 - Tortolita 0
TOP OF THE 6TH
Phoenix Hotspur Reserves batting - Pitching for Tortolita Drummers : RHP Armando Hernández
Batting: LHB Alberto Torres 0-0: Ball
1-0: Swinging Strike
1-1: Ball
2-1: Ball
3-1: Base on Balls
Batting: RHB Paul Campbell 0-0: Ball
1-0: Ball
2-0: Ball
3-0: Base on Balls
Alberto Torres to second
Batting: LHB Dave Wynn 0-0: Ball
1-0: Foul Ball, location: 2F
1-1: SINGLE (Groundball, 4MD)
Alberto Torres to third
Paul Campbell to second
Batting: RHB José Bocanegra 0-0: Fly out, F8 (Line Drive, 8RM)
Runner from 3rd tags up, OUT at HOME
Paul Campbell to third
Dave Wynn to second
Batting: LHB Edgardo Téllez 0-0: Foul Ball, location: 2F
0-1: Ball
1-1: Ball
2-1: Called Strike
2-2: Ball
3-2: Fly out, F1 (Popup, 13S)
Top of the 6th over - 0 run(s), 1 hit(s), 0 error(s), 2 left on base; Phoenix 2 - Tortolita 0
BOTTOM OF THE 6TH
Tortolita Drummers batting - Pitching for Phoenix Hotspur Reserves : LHP José Granados
Batting: LHB Pat McJannett 0-0: Called Strike
0-1: Ball
1-1: Ball
2-1: Swinging Strike
2-2: Ball
3-2: Foul Ball, location: 2F
3-2: Base on Balls
Batting: RHB Lonnie Conrad 0-0: Ball
1-0: SINGLE (Line Drive, 3D)
Pat McJannett to second
Runner from 2nd tries for 3rd, SAFE, throw made to third
Batting: SHB Yosuke Kiyomizu 0-0: Ball
1-0: Foul Ball, location: 2F
1-1: Foul Ball, location: 2F
1-2: Ball
2-2: Strikes out swinging
Batting: LHB Keith Spear 0-0: Ball
1-0: Ball
2-0: Called Strike
2-1: Foul Ball, location: 2F
2-2: Fly out, F7 (Flyball, 78M)
Runner from 3rd tags up, SCORES, throw made
Batting: RHB Jim Harris 0-0: Called Strike
0-1: Swinging Strike
0-2: Foul Ball, location: 2F
0-2: Ball
1-2: Ground out 3-1 (Groundball, 34S)
Bottom of the 6th over - 1 run(s), 1 hit(s), 0 error(s), 1 left on base; Phoenix 2 - Tortolita 1
TOP OF THE 7TH
Phoenix Hotspur Reserves batting - Pitching for Tortolita Drummers : RHP Armando Hernández
Batting: RHB Greg Griffin 0-0: Ball
1-0: Ground out 5-3 (Groundball, 5L)
Batting: RHB Jaime Chavarriaga 0-0: Swinging Strike
0-1: Ball
1-1: Ball
2-1: Fly out, F7 (Flyball, 78XD)
Batting: SHB John Jenkins 0-0: Ball
1-0: Fly out, F8 (Flyball, 8RD)
Top of the 7th over - 0 run(s), 0 hit(s), 0 error(s), 0 left on base; Phoenix 2 - Tortolita 1
BOTTOM OF THE 7TH
Tortolita Drummers batting - Pitching for Phoenix Hotspur Reserves : LHP José Granados
Batting: RHB Richard Ollivier 0-0: Ball
1-0: SOLO HOME RUN (Flyball, 7LD), Distance : 327 ft
Batting: RHB Ray Whittier 0-0: Ball
1-0: Swinging Strike
1-1: Ball
2-1: Ball
3-1: Base on Balls
Batting: RHB Ron Humboldt 0-0: Bunt missed!
0-1: Ball
1-1: Bunted foul
1-2: Fly out, F4 (Popup, 9LS)
Pinch Hitting: RHB Robert Bailey 0-0: Called Strike
0-1: Ball
1-1: Ball
Wild Pitch!
Ray Whittier to second
2-1: Ball
3-1: Fly out, F7 (Flyball, 7M)
Batting: LHB Pat McJannett 0-0: Ball
1-0: Foul Ball, location: 2F
1-1: Foul Ball, location: 2F
1-2: Fly out, F7 (Line Drive, 78D)
Bottom of the 7th over - 1 run(s), 1 hit(s), 0 error(s), 1 left on base; Phoenix 2 - Tortolita 2
TOP OF THE 8TH
Phoenix Hotspur Reserves batting - Pitching for Tortolita Drummers : RHP Armando Hernández
Now at SS: Hunter Curtis
Batting: SHB Roberto López 0-0: Called Strike
0-1: Foul Ball, location: 2F
0-2: Ball
1-2: Foul Ball, location: 2F
1-2: Ground out 4-3 (Groundball, 4)
Batting: LHB Alberto Torres 0-0: Swinging Strike
0-1: Ball
1-1: Swinging Strike
1-2: Strikes out looking
Batting: RHB Paul Campbell 0-0: Ball
1-0: SINGLE (Groundball, 56D)
Batting: LHB Dave Wynn 0-0: Ball
1-0: Ball
2-0: Foul Ball, location: 2F
2-1: Hit by Pitch
Paul Campbell to second
Pinch Hitting: LHB Chin Pak 0-0: Foul Ball, location: 2F
0-1: Ball
1-1: Ball
2-1: Ball
3-1: Base on Balls
Paul Campbell to third
Dave Wynn to second
Batting: LHB Edgardo Téllez 0-0: Called Strike
0-1: Ball
1-1: Fly out, F6 (Popup, 56D)
Top of the 8th over - 0 run(s), 1 hit(s), 0 error(s), 3 left on base; Phoenix 2 - Tortolita 2
BOTTOM OF THE 8TH
Tortolita Drummers batting - Pitching for Phoenix Hotspur Reserves : LHP José Granados
Now at SS: Miguel Soto
Batting: RHB Lonnie Conrad 0-0: Ball
1-0: Ball
2-0: Called Strike
2-1: Called Strike
2-2: Ball
3-2: SINGLE (Groundball, 4MD)
Pitching: RHP Craig Gasnier
Batting: SHB Yosuke Kiyomizu 0-0: Foul Ball, location: 2F
0-1: Swinging Strike
0-2: Ball
1-2: Foul Ball, location: 2F
1-2: Strikes out swinging
Batting: LHB Keith Spear 0-0: Swinging Strike
0-1: Ball
1-1: Ball
2-1: Ball
3-1: Fielders Choice at 2nd, 5-4 (Groundball, 5D)
Pinch Hitting: LHB Jesse Taylor 0-0: Ground out 4-3 (Groundball, 4)
Bottom of the 8th over - 0 run(s), 1 hit(s), 0 error(s), 1 left on base; Phoenix 2 - Tortolita 2
TOP OF THE 9TH
Phoenix Hotspur Reserves batting - Pitching for Tortolita Drummers : RHP Armando Hernández
Now in RF: Jesse Taylor
Pinch Hitting: RHB António Ramos 0-0: Ball
1-0: Ball
2-0: Foul Ball, location: 2F
2-1: Swinging Strike
2-2: Fly out, F8 (Line Drive, 8LS)
Batting: RHB Jaime Chavarriaga 0-0: Called Strike
0-1: Called Strike
0-2: Strikes out looking
Pinch Hitting: LHB Geoff Tucker 0-0: Ball
1-0: Fly out, F7 (Flyball, 7LMF)
Top of the 9th over - 0 run(s), 0 hit(s), 0 error(s), 0 left on base; Phoenix 2 - Tortolita 2
BOTTOM OF THE 9TH
Tortolita Drummers batting - Pitching for Phoenix Hotspur Reserves : RHP Craig Gasnier
Pitching: RHP Rewa Malaki
Now at C: Dan Garza
Now in CF: António Ramos
Batting: RHB Richard Ollivier 0-0: Ball
1-0: Called Strike
1-1: Foul Ball, location: 2F
1-2: Ball
2-2: Foul Ball, location: 2F
2-2: Ball
3-2: SINGLE (Groundball, 4M)
Batting: RHB Ray Whittier 0-0: Bunted foul
0-1: Sac Bunt - play at first, batter OUT! 2-4
Richard Ollivier to second
Batting: RHB Ron Humboldt 0-0: Intentional Walk
Pinch Runner at 2nd David Cross:
Pinch Hitting: RHB Dan Lewis 0-0: Ball
1-0: Ball
2-0: Ball
3-0: Base on Balls
David Cross to third
Ron Humboldt to second
Batting: LHB Pat McJannett 0-0: Ball
1-0: Swinging Strike
1-1: Ball
2-1: Called Strike
2-2: Ball
3-2: Foul Ball, location: 2F
3-2: Fly out, F8 (Flyball, 8LS)
Batting: RHB Lonnie Conrad 0-0: Ball
1-0: Ball
2-0: Ball
3-0: Base on Balls
David Cross scores
Ron Humboldt to third
Dan Lewis to second
This league is powered by Out of the Park Baseball, the baseball management simulation game for PC, Mac and Linux
Friday, October 23rd, 2015 - OOTP Baseball 16.9 Build 39